 Dungeon Crawl Stone Soup version 0.20-a0-561-gbef0b80 (webtiles) character file.

973 AlphabetPasta the Insei (level 8, -3/52 HPs)
             Began as a Halfling Transmuter on Feb 5, 2017.
             Killed from afar by an orc wizard (8 damage)
             ... with a magic dart
             ... on level 4 of the Dungeon.
             The game lasted 00:42:25 (4725 turns).

AlphabetPasta the Insei (Halfling Transmuter)       Turns: 4725, Time: 00:42:26

Health: -3/52      AC:  4    Str: 17    XL:     8   Next: 39%
Magic:  3/12       EV: 16    Int: 12    God:
Gold:   222        SH:  0    Dex: 15    Spells: 7/13 levels left

rFire    . . .     SeeInvis .     - Unarmed
rCold    + . .     Gourm    .   l - +2 robe {rC+}
rNeg     . . .     Faith    .   (shield restricted)
rPois    .         Spirit   .   (no helmet)
rElec    .         Reflect  .   (no cloak)
rCorr    .         Harm     .   (no gloves)
MR       .....                  (no boots)
Stlth    +.........             (no amulet)
Regen    0.2/turn               (no ring)
                                (no ring)

@: mighty, very slightly contaminated
A: mutation resistance 1
a: no special abilities


You were on level 4 of the Dungeon.
You were not hungry.

You visited 1 branch of the dungeon, and saw 6 of its levels.

You collected 222 gold pieces.

Inventory:

Missiles
 a - 88 arrows
Armour
 b - a +0 robe
 l - a +2 robe of cold resistance (worn)
 t - a +1 helmet of see invisible
Jewellery
 f - an uncursed ring of poison resistance {unknown}
 n - an uncursed ring of protection from magic {unknown}
Wands
 m - a wand of lightning (0/15)
Scrolls
 r - 2 scrolls of amnesia
 s - a scroll of noise {unknown}
 u - a scroll of fog
Potions
 k - a potion of agility
 p - 2 potions of cancellation
 q - a potion of brilliance {unknown}
 v - a potion of degeneration {unknown}
 w - a potion of flight {unknown}
Books
 c - a book of Changes

   Spells                             Type                      Level
   a - Beastly Appendage              Transmutation                1
   b - Sticks to Snakes               Transmutation                2
   c - Spider Form                    Transmutation/Poison         3
   d - Ice Form                       Ice/Transmutation            4
   e - Blade Hands                    Transmutation                5
Comestibles
 d - 4 bread rations
 g - 5 meat rations
 h - 4 fruits


   Skills:
 + Level 3.2 Fighting
 + Level 4.0 Dodging
 * Level 4.8 Unarmed Combat
 + Level 3.0 Spellcasting
 * Level 2.8 Transmutations
 + Level 2.6 Poison Magic


You had 7 spell levels left.
You knew the following spells:

 Your Spells              Type           Power        Failure   Level  Hunger
a - Beastly Appendage     Tmut           #.....       10%         1    #......
b - Sticks to Snakes      Tmut           #.......     12%         2    ###....
c - Spider Form           Tmut/Pois      #.........   24%         3    ###....


Dungeon Overview and Level Annotations

Branches:
Dungeon (6/15)
 Temple: D:4-7

Altars:
Trog


Innate Abilities, Weirdness & Mutations

You are small and have problems with some larger weapons.
You are somewhat resistant to further mutation.


Message History

The orc wizard hits your ball python but does no damage.
Your ball python bites something.
The orc wizard hits your ball python with a dagger.
Something hits your ball python.
Your ball python dies!
Casting: Sticks to Snakes
Confirm with . or Enter, or press ? or * to list all spells.
You miscast Sticks to Snakes.
You are very lightly contaminated with residual magic.
Nothing appears to happen.
The orc wizard looks satisfied for a moment.
Evoke which item? (* to show all) (? for menu, Esc to quit)
Aiming: Lightning Bolt (will waste charges)
Press: ? - help, Shift-Dir - straight line Nothing appears to happen.
The orc wizard hits you with a dagger.
* * * LOW HITPOINT WARNING * * *
You hear some strange, mumbled words.
A magic dart appears from out of thin air!
The magic dart hits you!
You die...

#.......'.>.............
#>......#...........#...
#..##...#...).......# ..
#..##...#..........## ##
#..##'####.........####.#####
#..##...##..†####'###...#....
#...#......†.##....##.........
#...#......)..o..............#
#..##...##...o.@.............#
#..##...##...................+
#..#...)'....##..####.###....#
#..#....#############.###....##.
#..##...##...##..#..............
#..##...##....#..#..............
#.............'..'....##.....##
#........#...##..##...###'######
#..##....#########...........#..


You could see an orc wizard and an orc.

Vanquished Creatures
  Sigmund (D:2)
  An orc warrior (D:6)
  A hound (D:4)
  An orc priest (D:4)
  A centaur skeleton (D:3)
  Jessica (D:2)
  An iguana (D:4)
  Natasha (thrice) (D:2)
  2 worker ants (D:4)
  6 gnolls
  8 adders
  A howler monkey skeleton (D:4)
  A river rat (D:3)
  A worm (D:3)
  A dart slug (D:1)
  6 leopard geckos
  8 orcs
  A bat skeleton (D:2)
  6 giant cockroaches
  6 goblins
  13 hobgoblins
  10 jackals (D:2)
  2 quokkas
  3 ball pythons
  2 ball python skeletons
  5 bats
  7 frilled lizards
  4 rats
103 creatures vanquished.

Vanquished Creatures (collateral kills)
  An ogre (D:4)
  A necrophage (D:4)
  A centaur (D:4)
  An iguana (D:4)
  An adder (D:3)
  2 worms (D:3)
  A leopard gecko (D:3)
  An orc (D:4)
  A goblin (D:1)
  A jackal (D:2)
  A kobold (D:3)
12 creatures vanquished.

Grand Total: 115 creatures vanquished

Notes
Turn   | Place    | Note
-------+----------+-------------------------------------------
     0 | D:1      | AlphabetPasta the Halfling Transmuter began the quest for the Orb.
     0 | D:1      | Reached XP level 1. HP: 12/12 MP: 3/3
    66 | D:1      | Reached skill level 1 in Fighting
   133 | D:1      | Reached XP level 2. HP: 15/18 MP: 2/4
   197 | D:1      | Learned a level 2 spell: Sticks to Snakes
   437 | D:1      | Reached XP level 3. HP: 23/23 MP: 0/5
   896 | D:2      | Noticed Jessica
   918 | D:2      | Killed Jessica
   918 | D:2      | Reached XP level 4. HP: 12/28 MP: 0/6
  1007 | D:2      | Learned a level 3 spell: Spider Form
  1180 | D:2      | Noticed Sigmund
  1257 | D:2      | Killed Sigmund
  1257 | D:2      | Reached skill level 1 in Poison Magic
  1257 | D:2      | Reached XP level 5. HP: 18/34 MP: 3/8
  1257 | D:2      | Reached XP level 6. HP: 20/39 MP: 3/9
  1455 | D:2      | Noticed Natasha
  1461 | D:2      | Killed Natasha
  1561 | D:2      | Noticed Natasha
  1569 | D:2      | Killed Natasha
  1955 | D:3      | Learned a level 3 spell: Spider Form
  2073 | D:3      | You fall through a shaft for 3 floors!
  2083 | D:6      | Noticed an orc warrior
  2091 | D:6      | Killed an orc warrior
  2091 | D:6      | Reached XP level 7. HP: 45/45 MP: 8/10
  2100 | D:5      | Entered Level 5 of the Dungeon
  2739 | D:4      | Found a bloodstained altar of Trog.
  3939 | D:2      | Noticed Natasha
  3947 | D:2      | Killed Natasha
  3947 | D:2      | Reached XP level 8. HP: 44/51 MP: 8/12
  4709 | D:4      | HP: 2/52 [orc wizard/dagger (4)]
  4725 | D:4      | Killed from afar by an orc wizard

Vault maps used:
D:1:      minmay_arrival_hallway
D:2:      serial_undead, serial_undead_a, serial_undead_d, serial_undead_a,
          serial_undead_f, minmay_tromino_mix6, uniq_natasha, uniq_jessica,
          uniq_sigmund
D:3:      gup_sewer_entry_spiral, minmay_misc_feat_diagonals
D:4:      minmay_diamond_boxcup, trog_book
D:5:      basic_altar, first_bread

Skill      XL: |  1  2  3  4  5  6  7  8 |
---------------+-------------------------+-----
Fighting       | 1 2 3 |  3.2
Unarmed Combat | 3 4 |  4.8
Dodging        | 3 4 |  4.0
Spellcasting   | 2 3 |  3.0
Poison Magic   | 1 2 |  2.6
Transmutations | 2 |  2.8

Action                   |  1- 3 |  4- 6 |  7- 9 || total
-------------------------+-------+-------+-------++-------
Melee: Unarmed           |    88 |    96 |   214 ||   398
       Headbutt          |     5 |     2 |    14 ||    21
       Kick              |     2 |    12 |    31 ||    45
       Punch             |     1 |     1 |     6 ||     8
 Cast: Beastly Appendage |    18 |    18 |    31 ||    67
       Sticks to Snakes  |     2 |     3 |    27 ||    32
Evoke: Wand              |       |     6 |     1 ||     7
  Use: Scroll            |     2 |     5 |     4 ||    11
       Potion            |     1 |     1 |     4 ||     6
 Stab: Sleeping          |     1 |     1 |     2 ||     4
       Distracted        |       |     1 |     1 ||     2
  Eat: Chunk             |     1 |     5 |     9 ||    15
       Royal jelly       |       |       |     1 ||     1
Armor: Robe              |     7 |    21 |    38 ||    66
Dodge: Dodged            |    60 |    73 |   175 ||   308
